 Dungeon Crawl Stone Soup version 0.23.1 (webtiles) character file.

Game seed: 8118150848937964298

231 Freyura the Magician (level 6, -1/44 HPs)
             Began as a Gnoll Wizard on Mar 7, 2019.
             Slain by a salamander (shapeshifter) (6 damage)
             ... on level 3 of the Dungeon.
             The game lasted 00:13:29 (3015 turns).

Freyura the Magician (Gnoll Wizard)                 Turns: 3015, Time: 00:13:29

Health: -1/44      AC:  4    Str:  9    XL:     6   Next: 4%
Magic:  14/16      EV: 15    Int: 22    God:
Gold:   170        SH:  0    Dex: 14    Spells: 15/19 levels left

rFire    . . .     SeeInvis .   p - +4 quarterstaff (chaos)
rCold    . . .     Gourm    .   (shield currently unavailable)
rNeg     . . .     Faith    .   a - +0 robe
rPois    .         Spirit   .   b - +0 hat
rElec    .         Reflect  .   q - +0 cloak
rCorr    .         Harm     .   (no gloves)
MR       .....                  k - +0 pair of boots
Stlth    +++.......             (no amulet)
HPRegen  0.14/turn              (no ring)
MPRegen  0.15/turn              (no ring)

@: no status effects
A: distributed training, fangs 1, strong nose
a: no special abilities


You were on level 3 of the Dungeon.
You were not hungry.

You visited 1 branch of the dungeon, and saw 3 of its levels.

You collected 170 gold pieces.

Inventory:

Hand Weapons
 p - a +4 quarterstaff of chaos (weapon)
Armour
 a - a +0 robe (worn)
 b - a +0 hat (worn)
 k - a +0 pair of boots (worn)
 q - a +0 cloak (worn)
Jewellery
 f - an uncursed amulet of rage {unknown}
Scrolls
 h - a scroll of random uselessness {unknown}
 i - 2 scrolls of identify
 j - 2 scrolls of remove curse
 o - a scroll of amnesia
Potions
 c - a potion of invisibility
 e - a potion of curing {unknown}
 g - a potion of flight {unknown}
 l - a potion of lignification {unknown}
 m - a potion of heal wounds
 n - a potion of ambrosia
 r - a potion of mutation {unknown}
Comestibles
 d - 3 rations


   Skills:
 + Level 1.7 Fighting
 + Level 1.7 Short Blades
 + Level 1.7 Long Blades
 + Level 1.7 Axes
 + Level 1.7 Maces & Flails
 + Level 1.7 Polearms
 + Level 1.7 Staves
 + Level 1.7 Slings
 + Level 1.7 Bows
 + Level 1.7 Crossbows
 + Level 1.7 Throwing
 + Level 1.7 Armour
 + Level 4.9 Dodging
 + Level 4.5 Stealth
 + Level 1.7 Shields
 + Level 1.7 Unarmed Combat
 + Level 7.3 Spellcasting
 + Level 2.5 Conjurations
 + Level 1.3 Hexes
 + Level 1.3 Charms
 + Level 2.5 Summonings
 + Level 1.3 Necromancy
 + Level 2.5 Translocations
 + Level 1.3 Transmutations
 + Level 1.3 Fire Magic
 + Level 1.3 Ice Magic
 + Level 1.3 Air Magic
 + Level 1.3 Earth Magic
 + Level 1.3 Poison Magic
 + Level 1.9 Invocations
 + Level 1.7 Evocations


You had 15 spell levels left.
You knew the following spells:

 Your Spells              Type           Power        Failure   Level  Hunger
a - Magic Dart            Conj           ###.         2%          1    None
b - Conjure Flame         Conj/Fire      ###.....     11%         3    None

Your spell library contained the following spells:

 Spells                   Type           Power        Failure   Level  Hunger
 Blink                    Tloc           N/A          4%          2    None
 Call Imp                 Summ           ###.....     4%          2    None
 Slow                     Hex            ##......     7%          2    None
 Mephitic Cloud           Conj/Pois/Air  ###.....     12%         3    None


Dungeon Overview and Level Annotations

Branches:
Dungeon (3/15)

Altars:
Okawaru
Vehumet
Xom


Innate Abilities, Weirdness & Mutations

Your experience applies equally to all skills.
You have very sharp teeth.
Your uncanny sense of smell can sniff out nearby items.


Message History

Casting: Magic Dart (safe; 2% risk of failure)
Confirm with . or Enter, or press ? or * to list all spells.
Aiming: Magic Dart (safe; 2% risk of failure)
Press: ? - help, Shift-Dir - straight line, f/p - bullfrog
Aim: a bullfrog (moderately wounded)
The magic dart hits the bullfrog.
The bullfrog is severely wounded.
You hit the bullfrog.
The bullfrog changes into a shapeshifter!
The shapeshifter is severely wounded.
The shapeshifter changes into a salamander!
You hit the salamander but do no damage.
You drain the salamander.
The salamander is moderately wounded.
The salamander hits you!
You are engulfed in flames!
* * * LOW HITPOINT WARNING * * *
You barely miss the salamander.
The salamander is moderately wounded.
The salamander hits you.
You die...

.. . ##. ∆ ### #.. ##.#
#.# ###.#. #.#
########..### #.#
#........## # #@#
#.####....### ## #N#
#.#..).###.#.
...####.####.#.##...#...
#...#...#..........#..#
.#.#[........#.####..)..
.......†.#.#.#.# ##.#..
..###.†.##.#<#.# #.### #
∆#.#.##.#.#.# #.#
#......#>#.. #.#


You could see a salamander shaped shifter.

Vanquished Creatures
  Crazy Yiuf (D:2)
  Natasha (thrice) (D:2)
  Terence (D:3)
  5 adders
  3 dart slugs (D:1)
  2 leopard geckos
  An orc (D:2)
  6 giant cockroaches
  4 goblins
  4 hobgoblins
  4 jackals
  2 quokkas (D:2)
  A ball python (D:3)
  6 bats (D:1)
  5 frilled lizards
  3 kobolds (D:1)
  5 rats
  A fungus (D:1)
57 creatures vanquished.

Notes
Turn   | Place    | Note
-------+----------+-------------------------------------------
     0 | D:1      | Freyura the Gnoll Wizard began the quest for the Orb.
     0 | D:1      | Reached XP level 1. HP: 13/13 MP: 8/8
   251 | D:1      | You fall through a shaft!
   277 | D:2      | Reached XP level 2. HP: 20/20 MP: 5/10
   376 | D:2      | Found a runed translucent door.
   377 | D:2      | Noticed Crazy Yiuf
   414 | D:2      | Found an iron altar of Okawaru.
   417 | D:2      | Found a shimmering altar of Xom.
   418 | D:2      | Found a radiant altar of Vehumet.
   630 | D:1      | Reached XP level 3. HP: 25/25 MP: 7/11
  1087 | D:1      | Reached skill level 1 in Invocations
  1615 | D:2      | Noticed Natasha
  1622 | D:2      | Killed Natasha
  1622 | D:2      | Reached skill level 1 in Fighting
  1622 | D:2      | Reached skill level 1 in Short Blades
  1622 | D:2      | Reached skill level 1 in Long Blades
  1622 | D:2      | Reached skill level 1 in Axes
  1622 | D:2      | Reached skill level 1 in Maces & Flails
  1622 | D:2      | Reached skill level 1 in Polearms
  1622 | D:2      | Reached skill level 1 in Staves
  1622 | D:2      | Reached skill level 1 in Slings
  1622 | D:2      | Reached skill level 1 in Bows
  1622 | D:2      | Reached skill level 1 in Crossbows
  1622 | D:2      | Reached skill level 1 in Throwing
  1622 | D:2      | Reached skill level 1 in Armour
  1622 | D:2      | Reached skill level 1 in Shields
  1622 | D:2      | Reached skill level 1 in Unarmed Combat
  1622 | D:2      | Reached skill level 1 in Evocations
  1622 | D:2      | Reached XP level 4. HP: 12/32 MP: 4/13
  2244 | D:2      | Noticed Natasha
  2250 | D:2      | Killed Natasha
  2250 | D:2      | Reached skill level 1 in Hexes
  2250 | D:2      | Reached skill level 1 in Charms
  2250 | D:2      | Reached skill level 1 in Necromancy
  2250 | D:2      | Reached skill level 1 in Transmutations
  2250 | D:2      | Reached skill level 1 in Fire Magic
  2250 | D:2      | Reached skill level 1 in Ice Magic
  2250 | D:2      | Reached skill level 1 in Air Magic
  2250 | D:2      | Reached skill level 1 in Earth Magic
  2250 | D:2      | Reached skill level 1 in Poison Magic
  2304 | D:2      | Noticed Natasha
  2313 | D:2      | Killed Natasha
  2313 | D:2      | Reached XP level 5. HP: 31/37 MP: 5/14
  2417 | D:2      | Learned a level 3 spell: Conjure Flame
  2425 | D:2      | Killed Crazy Yiuf
  2742 | D:3      | Noticed Terence
  2755 | D:3      | Killed Terence
  2914 | D:3      | Reached XP level 6. HP: 13/44 MP: 12/16
  3013 | D:3      | Noticed a shapeshifter
  3013 | D:3      | a bullfrog changed into a shapeshifter
  3013 | D:3      | Noticed a salamander
  3013 | D:3      | a shapeshifter changed into a salamander
  3015 | D:3      | Slain by a salamander (shapeshifter)

Skill      XL: |  1  2  3  4 |
---------------+-------------+-----
Conjurations   | 2 |  2.5
Summonings     | 2 |  2.5
Translocations | 2 |  2.5
Invocations    | 1 |  1.9
Fighting       | 1 |  1.7
Short Blades   | 1 |  1.7
Long Blades    | 1 |  1.7
Axes           | 1 |  1.7
Maces & Flails | 1 |  1.7
Polearms       | 1 |  1.7
Staves         | 1 |  1.7
Slings         | 1 |  1.7
Bows           | 1 |  1.7
Crossbows      | 1 |  1.7
Throwing       | 1 |  1.7
Armour         | 1 |  1.7
Shields        | 1 |  1.7
Unarmed Combat | 1 |  1.7
Evocations     | 1 |  1.7
Hexes          | 1 |  1.3
Charms         | 1 |  1.3
Necromancy     | 1 |  1.3
Transmutations | 1 |  1.3
Fire Magic     | 1 |  1.3
Ice Magic      | 1 |  1.3
Air Magic      | 1 |  1.3
Earth Magic    | 1 |  1.3
Poison Magic   | 1 |  1.3
Dodging        | |  4.9
Stealth        | |  4.5
Spellcasting   | |  7.3

Action                   |  1- 3 |  4- 6 || total
-------------------------+-------+-------++-------
Melee: Unarmed           |    36 |       ||    36
       Bite              |     6 |     1 ||     7
       Quarterstaff      |       |    31 ||    31
 Cast: Magic Dart        |    77 |    64 ||   141
  Use: Scroll            |     9 |       ||     9
  Eat: Ration            |     2 |       ||     2
Armor: Robe              |     4 |     8 ||    12
Dodge: Dodged            |     8 |    34 ||    42
